 Dungeon Crawl Stone Soup version 0.25-a0-589-g1e14c549ee (webtiles) character file.

Game seed: 1377080504583484999, levelgen mode: deterministic

171 MisterFreud the Ducker (level 5, 0/25 HPs)
             Began as a Felid Skald on Mar 10, 2020.
             Succumbed to a scorpion's poison
             ... on level 4 of the Dungeon.
             The game lasted 00:06:18 (3728 turns).

MisterFreud the Ducker (Felid Skald)                Turns: 3728, Time: 00:06:18

Health: 0/25       AC: -2    Str:  7    XL:     5   Next: 26%
Magic:  4/9        EV: 23    Int: 14    God:
Gold:   51         SH:  0    Dex: 17    Spells: 5/8 levels left
                                        Lives:  0   Deaths: 1

rFire    . . .     SeeInvis +     - Unarmed
rCold    . . .     Gourm    .   (shield unavailable)
rNeg     . . .     Faith    .   (armour unavailable)
rPois    .         Spirit   .   (helmet unavailable)
rElec    .         Reflect  .   (cloak unavailable)
rCorr    .         Harm     .   (gloves unavailable)
MR       .....                  (boots unavailable)
Stlth    +++.......             (no amulet)
HPRegen  0.08/turn              h - +3 ring of evasion
MPRegen  0.11/turn              k - -3 ring of protection (curse)

@: lethally poisoned (0 -> -15), shrouded, infused, quick
A: very small, no armour, no weapons or thrown items, stealth, claws 1, fangs 3,
see invisible, carnivore, speed 1, shaggy fur 1, slow metabolism 1, sharp paws
a: no special abilities


You were on level 4 of the Dungeon.
You were completely stuffed.

You visited 1 branch of the dungeon, and saw 4 of its levels.

You collected 51 gold pieces.

Inventory:

Jewellery
 h - a +3 ring of evasion (left paw)
 k - a cursed -3 ring of protection (right paw)
Scrolls
 c - 2 scrolls of identify
Potions
 j - a potion of mutation
Comestibles
 a - a chunk of flesh
 b - 8 rations


   Skills:
 - Level 4.0 Fighting
 + Level 4.6 Dodging
 + Level 3.3 Stealth
 + Level 3.1 Unarmed Combat
 - Level 2.0 Spellcasting
 - Level 3.6 Charms


You had 5 spell levels left.
You knew the following spells:

 Your Spells              Type           Power        Failure   Level  Hunger
a - Infusion              Chrm           ##..         5%          1    ##.....
b - Shroud of Golubria    Chrm/Tloc      #.....       17%         2    ###....

Your spell library contained the following spells:

 Spells                   Type           Power        Failure   Level  Hunger
 Song of Slaying          Chrm           ##......     9%          2    ###....
 Ozocubu's Armour         Chrm/Ice       #.......     34%         3    ####...
 Spectral Weapon          Hex/Chrm       Unusable     N/A         3    N/A

Dungeon Overview and Level Annotations

Branches:
Dungeon (4/15)
 Temple: D:4-7

Altars:
Dithmenos
Elyvilon
Gozag
Hepliaklqana
The Shining One

Shops:
D:4 *

Annotations:
D:2 Sigmund


Innate Abilities, Weirdness & Mutations

You cannot wear armour.
You are incapable of wielding weapons or throwing items.
Your paws allow you to move quietly. (Stealth)
You have sharp claws.
You have razor-sharp teeth.
You have supernaturally acute eyesight. (SInv)
You are carnivorous and can eat meat at any time.
You cover ground quickly.
You are covered in fur. (AC +1)
You have a slow metabolism.
Your sharp claws are effective at attacking unaware monsters.


Message History

The scorpion stings you.
You are lethally poisoned!
The scorpion poisons you!
The orc wizard shouts!
You scratch the scorpion but do no damage.
You claw the scorpion, but do no damage.
The scorpion is severely wounded.
You feel sick. The orc hits you.
* * * LOW HITPOINT WARNING * * *
The scorpion stings you.
* * * LOW HITPOINT WARNING * * *
Unknown command.
Unknown command.
You closely miss the scorpion.
The scorpion is severely wounded.
* * * LOW HITPOINT WARNING * * *
You feel sick. The orc completely misses you.
You scratch the scorpion.
The scorpion is severely wounded.
You die...

#...........#
#..
......#..<##
#...
...........##
#.).
........s...#
...
.......$....#
...
.............##
...
#..!...∩...#<>#
.##
##....#...###s#
##.# ####.###.#
#@#####....# #.
#..##.o.....#
### ..
#$......####
#.. #...#####)#
#.# #.# #o###
#.# . #..[##
#.# ###..###.#
##..#..###
##......#


You could see a scorpion, an orc wizard and an orc.

Vanquished Creatures
  An ogre (D:4)
  A centaur skeleton (D:4)
  A worker ant (D:4)
  4 adders
  2 worms
  3 dart slugs
  A leopard gecko (D:3)
  4 bats
  2 giant cockroaches
  6 goblins
  5 hobgoblins
  2 kobolds
  A quokka (D:3)
  2 ball pythons
  4 frilled lizards
  A quokka skeleton (D:4)
  2 rats (D:3)
42 creatures vanquished.

Notes
Turn   | Place    | Note
-------+----------+-------------------------------------------
     0 | D:1      | MisterFreud the Felid Skald began the quest for the Orb.
     0 | D:1      | Reached XP level 1. HP: 9/9 MP: 4/4
   441 | D:1      | Reached XP level 2. HP: 13/13 MP: 6/6
   736 | D:1      | Learned a level 2 spell: Shroud of Golubria
  1177 | D:2      | Found a shadowy altar of Dithmenos.
  1342 | D:2      | Noticed Sigmund
  1700 | D:2      | Reached XP level 3. HP: 6/17 MP: 3/7
  2043 | D:2      | Found an opulent altar of Gozag.
  2679 | D:3      | Found a white marble altar of Elyvilon.
  3104 | D:3      | Found a hazy altar of Hepliaklqana.
  3104 | D:3      | Found a glowing golden altar of the Shining One.
  3257 | D:4      | Found Meuzento's Assorted Antiques.
  3267 | D:4      | Reached skill level 1 in Stealth
  3267 | D:4      | Reached XP level 4. HP: 22/22 MP: 0/8
  3347 | D:4      | HP: 1/22 [poisoned by a scorpion]
  3349 | D:4      | Succumbed to a scorpion's poison
  3350 | D:4      | Reached XP level 3. HP: 0/18 MP: 0/7
  3402 | D:4      | Reached XP level 4. HP: 7/22 MP: 8/8
  3623 | D:4      | Noticed an ogre
  3650 | D:4      | Killed an ogre
  3650 | D:4      | Reached XP level 5. HP: 25/25 MP: 0/9
  3728 | D:4      | Succumbed to a scorpion's poison

Levels and vault maps discovered:
D:1:      tarquinn_simple_flora_water_b, layout_basic
D:2:      layout_basic, lemuel_round_altar, nicolae_dithmenos_shadow_blocks,
          first_ration, uniq_sigmund
D:3:      layout_rooms, old_standard_altar, amethyst_overflow_temple_binary
D:4:      layout_rooms, serial_shops, shop

Skill      XL: |  1  2  3  4 |
---------------+-------------+-----
Fighting       | 3 4 |  4.0
Stealth        | 2 3 |  3.3
Dodging        | 4 |  4.6
Unarmed Combat | 3 |  3.1
Spellcasting   | |  2.0
Charms         | |  3.6

Action                   |  1- 3 |  4- 6 || total
-------------------------+-------+-------++-------
Melee: Unarmed           |   126 |    55 ||   181
       Bite              |    12 |     3 ||    15
       Punch             |       |     1 ||     1
 Cast: Infusion          |    19 |     3 ||    22
       Shroud of Golubri |     9 |     4 ||    13
  Use: Potion            |     2 |       ||     2
       Scroll            |     6 |       ||     6
 Stab: Sleeping          |     5 |       ||     5
  Eat: Chunk             |    17 |     3 ||    20
Armor: Skin              |     5 |       ||     5
Dodge: Dodged            |    98 |    41 ||   139

Table legend:
 A = Non-vault XP
 B = Vault XP
 C = Vault XP percentage of total XP
 D = Non-vault monster count
 E = Vault monster count
 F = Vault count percentage of total count
                 A         B        C        D         E       F
            +---------+---------+-------+---------+---------+-------
      Total |     318 |       0 |   0.0 |      42 |       0 |   0.0
            +---------+---------+-------+---------+---------+-------
        D:1 |      20 |       0 |   0.0 |       9 |       0 |   0.0
        D:2 |      43 |       0 |   0.0 |      11 |       0 |   0.0
        D:3 |      28 |       0 |   0.0 |      13 |       0 |   0.0
        D:4 |     227 |       0 |   0.0 |       9 |       0 |   0.0
            +---------+---------+-------+---------+---------+-------
